 Dungeon Crawl Stone Soup version 0.28.0-47-ge53b351184 (webtiles) character file.

Game seed: 5094307111155188087

186 Peloso the Covered (level 5, -6/46 HPs)
             Began as a Minotaur Fighter on Apr 29, 2022.
             Splashed by a jelly's acid (9 damage)
             ... on level 4 of the Dungeon.
             The game lasted 00:04:01 (2564 turns).

Peloso the Covered (Minotaur Fighter)               Turns: 2564, Time: 00:04:02

Health: -6/46      AC:  4    Str: 20 (21) XL:     5   Next: 38%
Magic:  4/4        EV:  5    Int:  2 (5)  God:
Gold:   156        SH:  4    Dex: 11      Spells: 4/4 levels left

rFire   . . .      SeeInvis .   a - +1 long sword (freeze)
rCold   . . .      Faith    .   c - +0 buckler
rNeg    . . .      Spirit   .   p - +0 plate armour
rPois   .          Reflect  .   (helmet restricted)
rElec   .          Harm     .   (no cloak)
rCorr   .          Rampage  .   (no gloves)
Will    .....                   (no boots)
Stlth   ..........              (no amulet)
HPRegen 0.15/turn               (no ring)
MPRegen 0.09/turn               (no ring)

@: lethally poisoned (-6 -> -9), corroded
A: horns 2, retaliatory headbutt
a: no special abilities


You were on level 4 of the Dungeon.
You visited 1 branch of the dungeon, and saw 4 of its levels.

You collected 156 gold pieces.

Inventory:

Hand Weapons
 a - a +1 long sword of freezing (weapon)
Missiles
 h - a throwing net (quivered)
Armour
 b - a +0 scale mail
 c - a +0 buckler (worn)
 p - a +0 plate armour (worn)
Scrolls
 f - 2 scrolls of teleportation
 i - a scroll of fear
 j - 2 scrolls of brand weapon
Potions
 d - a potion of might
 e - a potion of attraction
 g - a potion of brilliance {unknown}
 l - a potion of degeneration
 o - a potion of heal wounds {unknown}
 q - a potion of mutation {unknown}
 r - a potion of curing {unknown}


   Skills:
 + Level 4.2 Fighting
 + Level 4.5 Long Blades
 + Level 5.2 Armour
 + Level 0.3 Dodging
 + Level 4.3 Shields


You had 4 spell levels left.
You didn't know any spells.
Your spell library contained the following spells:

 Spells                   Type           Power      Damage    Failure   Level
 Summon Cactus Giant      Summ           0%         N/A       100%        6
 Monstrous Menagerie      Summ           0%         N/A       100%        7


Dungeon Overview and Level Annotations

Branches:
Dungeon (4/15)
 Temple: D:4-7

Altars:
Gozag
Ru
Uskayaw

Shops:
D:1 ((!**


Innate Abilities, Weirdness & Mutations

You have a pair of horns on your head.
You reflexively headbutt those who attack you in melee.


Message History

The worm bites you but does no damage.
You slash the worm! You freeze the worm.
You kill the worm!
The orc throws a poisoned dart.
You block the poisoned dart.
A jelly comes into view.
The jelly quivers.
The orc hits you but does no damage.
You are poisoned.
You closely miss the orc.
You feel very sick. The orc hits you but does no damage.
You are more poisoned.
The orc hits you but does no damage.
You slash the orc! You freeze the orc.
You kill the orc!
You feel very sick.
You feel very sick.
Items here: ( ) [ †.
You hit the jelly. You freeze the jelly.
Your hands burn!
The jelly is lightly wounded.
You feel very sick. The jelly hits you but does no damage.
You hit the jelly. You freeze the jelly. The acid corrodes you!
Your hands burn!
You headbutt the jelly, but do no damage.
The jelly is heavily wounded.
You feel very sick. The jelly hits you but does no damage.
You hit the jelly but do no damage.
Your hands burn!
* * * LOW HITPOINT WARNING * * *
The jelly is heavily wounded.
You feel sick. The jelly barely misses you.
You hit the jelly but do no damage. The acid corrodes you!
Your hands burn!
* * * LOW HITPOINT WARNING * * *
The jelly is heavily wounded.
* * * LOW HITPOINT WARNING * * *
You feel sick. The jelly hits you.
* * * LOW HITPOINT WARNING * * *
You are splashed with acid!
You die...

#.####.####.####
.............#
#.####..###†.###
#...............
#..####..##..### #..#
##.##..# #..# #..#..#
..#######.)# ##.#..#
..'...J@...# #....#
..########.#######...#
...................#
######.########...#
#..............#
####.#.########..####
#....#.#.............
#....#.#.############
#....#(#.#


You could see a jelly.

Vanquished Creatures
  A jelly (D:4)
  An orc wizard (D:4)
  A hound skeleton (D:4)
  3 gnolls (D:4)
  An adder (D:3)
  A worm (D:4)
  3 dart slugs
  2 orcs (D:4)
  2 endoplasms
  3 giant cockroaches
  9 goblins
  6 hobgoblins
  A jackal (D:3)
  7 quokkas
  2 ball pythons
  5 bats (D:1)
  3 frilled lizards
  8 kobolds
  9 rats
68 creatures vanquished.

Notes
Turn   | Place    | Note
-------+----------+-------------------------------------------
     0 | D:1      | Peloso the Minotaur Fighter began the quest for the Orb.
     0 | D:1      | Reached XP level 1. HP: 19/19 MP: 0/0
    83 | D:1      | Found Ehaidurr's Weapon Shop.
   173 | D:1      | Found Urgheiga's Assorted Antiques.
   174 | D:1      | Found Mosy's General Store.
   187 | D:1      | Reached XP level 2. HP: 22/27 MP: 1/1
   436 | D:1      | Reached skill level 4 in Armour
   506 | D:1      | Found Vejoh's Antique Weapon Emporium.
   665 | D:1      | Found a faded altar of an unknown god.
   724 | D:1      | Reached XP level 3. HP: 33/33 MP: 2/2
   772 | D:1      | Found Selog's Distillery.
  1378 | D:3      | Found an opulent altar of Gozag.
  1475 | D:3      | Found a sacrificial altar of Ru.
  1588 | D:3      | Reached XP level 4. HP: 40/40 MP: 3/3
  1763 | D:3      | Got the Catalogue of Calling
  2023 | D:4      | HP: 2/40 [poisoned by a gnoll]
  2442 | D:4      | Reached skill level 5 in Armour
  2443 | D:4      | Found a hide-covered altar of Uskayaw.
  2455 | D:4      | Reached XP level 5. HP: 42/46 MP: 4/4
  2564 | D:4      | Splashed by a jelly's acid

Illustrated notes

Levels and vault maps discovered:
D:1:      nicolae_arrival_somewhat_less_tricky_arrival, layout_loops_ring,
          basic_ecumenical_altar, serial_shops, shop,
          nicolae_shop_window_shopping, shop, shop,
          nicolae_shop_advertising_works [nicolae_subvault_shop_adworks]
D:2:      layout_rooms
D:3:      layout_basic, nicolae_ru_great_annihilating_truth,
          mainiacjoe_overflow_24_doors, moated_statue
D:4:      layout_basic, kennysheep_mini, nicolae_overflow_hidden_temple,
          hex_intersection, minmay_misc_feat_room

Skill      XL: |  1  2  3  4 |
---------------+-------------+-----
Shields        | 4 |  4.3
Armour         | 4 5 |  5.2
Long Blades    | 3 4 |  4.5
Fighting       | 4 |  4.2
Dodging        | |  0.3

Action                   |  1- 3 |  4- 6 || total
-------------------------+-------+-------++-------
Melee: Long sword        |   118 |    42 ||   160
       Headbutt          |    14 |     3 ||    17
  Use: Scroll            |       |     7 ||     7
       Potion            |       |     2 ||     2
 Stab: Paralysed         |     1 |       ||     1
Armor: Scale mail        |    40 |       ||    40
       Plate armour      |    21 |    32 ||    53
Dodge: Dodged            |    69 |     6 ||    75
Block: Buckler           |    19 |     8 ||    27
